 Dungeon Crawl Stone Soup version 0.30.0-5-g1a98f26d00 (webtiles) character file.

Game seed: 18115764687042518164

737 Darkkill the Skirmisher (level 7, -1/59 HPs)
             Began as a Minotaur Hunter on May 8, 2023.
             Slain by a gnoll sergeant
             ... wielding a +4 spear of flaming
              (2 damage)
             ... on level 5 of the Dungeon.
             The game lasted 00:07:12 (3146 turns).

Darkkill the Skirmisher (Minotaur Hunter)           Turns: 3146, Time: 00:07:12

Health: -1/59      AC:  5    Str: 15    XL:     7   Next: 46%
Magic:  6/6        EV: 12    Int:  6    God:
Gold:   123        SH:  0    Dex: 16    Spells: 6/6 levels left

rFire   . . .        a - +2 shortbow
rCold   . . .        (shield currently unavailable)
rNeg    . . .        c - +0 leather armour
rPois   .            (helmet restricted)
rElec   .            g - +0 cloak
rCorr   .            (no gloves)
SInv    .            h - +0 pair of boots
Will    .....        (no amulet)
Stlth   ++           (no ring)
HPRegen 0.29/turn    (no ring)
MPRegen 0.10/turn

%: no passive effects
@: no status effects
A: horns 2, retaliatory headbutt
a: no special abilities


You were on level 5 of the Dungeon.
You visited 1 branch of the dungeon, and saw 5 of its levels.

You collected 123 gold pieces.

Inventory:

Hand Weapons
 a - a +2 shortbow (weapon)
Missiles
 f - 2 atropa-tipped darts
 m - 5 poisoned darts
Armour
 c - a +0 leather armour (worn)
 g - a +0 cloak (worn)
 h - a +0 pair of boots (worn)
Wands
 p - a wand of mindburst (6)
Scrolls
 b - a scroll of immolation
 e - a scroll of amnesia
Potions
 d - a potion of lignification {unknown}
 j - a potion of haste
 k - a potion of ambrosia {unknown}
 l - a potion of might
 n - 2 potions of cancellation {unknown}


   Skills:
 + Level 4.1 Fighting
 + Level 8.6 Ranged Weapons
 + Level 3.7 Armour
 + Level 2.8 Dodging
 + Level 1.0 Stealth


You had 6 spell levels left.
You didn't know any spells.
Your spell library contained the following spells:

 Spells                   Type           Power      Damage    Failure   Level
 Lesser Beckoning         Tloc           0%         N/A       67%         2
 Gell's Gravitas          Tloc           0%         N/A       88%         3
 Teleport Other           Tloc           0%         N/A       88%         3


Dungeon Overview and Level Annotations

Branches:
Dungeon (5/15)
 Temple: D:4-7

Altars:

Shops:
D:2 :   D:3 ?


Innate Abilities, Weirdness & Mutations

You have a pair of horns on your head.
You reflexively headbutt those who attack you in melee.


Message History

The gnoll hits you with a +0 flail. The orc closely misses you.
You furiously retaliate!
You headbutt the orc!
You kill the orc!
A kobold comes into view. It is wielding a +0 short sword.
The kobold throws a stone.
The stone barely misses you.
Aiming: Mindburst
Press: ? - help, Q - select action, (/) - cycle Shift-Dir - straight line, f/p - gnoll
Aim: a gnoll, wielding a +0 flail (heavily wounded, chance to affect: 72%)
The gnoll's mind is blasted!
You blow up the gnoll!
The gnoll hits you from afar with a +0 spear!
* * * LOW HITPOINT WARNING * * *
The orc hits you but does no damage. The gnoll misses you.
The gnoll sergeant hits you from afar with a +4 spear of flaming.
* * * LOW HITPOINT WARNING * * *
The gnoll sergeant burns you.
* * * LOW HITPOINT WARNING * * *
Aiming: Mindburst
Press: ? - help, Q - select action, (/) - cycle Shift-Dir - straight line, f - kobold
Aim: a kobold, wielding a +0 short sword and quivering stones (chance to affect: 79%)
The kobold's mind is blasted!
You blow up the kobold!
The gnoll closely misses you. The orc hits you with a +0 whip.
* * * LOW HITPOINT WARNING * * *
The gnoll sergeant closely misses you. The gnoll barely misses you.
Unknown command.
Unknown command.
Aiming: Mindburst
Press: ? - help, Q - select action, (/) - cycle Shift-Dir - straight line, f - orc
Aim: an orc, wielding a +0 whip and wearing a +0 chain mail (severely wounded, chance to affect: 79%)
The orc barely resists.
Aiming: Mindburst
Press: ? - help, Q - select action, (/) - cycle Shift-Dir - straight line, f/p - orc
Aim: an orc, wielding a +0 whip and wearing a +0 chain mail (severely wounded, chance to affect: 79%)
Okay, then.
The gnoll closely misses you. The orc hits you but does no damage.
The gnoll sergeant hits you from afar with a +4 spear of flaming.
* * * LOW HITPOINT WARNING * * *
The gnoll sergeant burns you.
You die...

#........#...#
##.............
..............
.##........K.K....
....#....g.o<....
....)#....Koo...
#.....ggg....# ##
#).#)o###..###.. .#
##.)@###.....#.####.#
#.g.)..#.......##<..#
#.####........#.....#
#. ####^...........#
#. #.........#.....#
#. #.##.....##.....#
#g #.##....(#......#
#. #)##.....#......#
#. ..##............#


You could see a kobold brigand, a gnoll sergeant, an orc wizard, 4 gnolls, 3
orcs and 2 kobolds.

Vanquished Creatures
  Pargi (D:3)
  A black bear (D:4)
  An ogre (D:4)
  2 scorpions (D:4)
  3 orc priests
  2 orc wizards (D:3)
  Robin (D:4)
  6 gnolls
  4 adders
  3 worms (D:2)
  A dart slug (D:2)
  13 orcs
  3 ball pythons
  10 endoplasms
  2 giant cockroaches
  15 goblins
  8 hobgoblins
  8 jackals
  7 kobolds
  A quokka (D:2)
  4 bats
  3 frilled lizards
  3 rats
102 creatures vanquished.

Notes
Turn   | Place    | Note
-------+----------+-------------------------------------------
     0 | D:1      | Darkkill the Minotaur Hunter began the quest for the Orb.
     0 | D:1      | Reached XP level 1. HP: 18/18 MP: 0/0
   212 | D:1      | Reached XP level 2. HP: 25/25 MP: 1/1
   496 | D:2      | Reached skill level 5 in Ranged Weapons
   532 | D:2      | Reached XP level 3. HP: 30/30 MP: 2/2
   625 | D:2      | Found a faded altar of an unknown god.
   694 | D:2      | Found Kesene Urghen's Book Shop.
  1192 | D:3      | Reached skill level 6 in Ranged Weapons
  1211 | D:3      | Found Dagani's Magic Scroll Shop.
  1217 | D:3      | Reached XP level 4. HP: 37/37 MP: 3/3
  1245 | D:3      | Noticed Pargi
  1270 | D:3      | Killed Pargi
  1271 | D:3      | Reached skill level 1 in Armour
  1271 | D:3      | Reached XP level 5. HP: 16/45 MP: 4/4
  1584 | D:3      | Reached skill level 7 in Ranged Weapons
  1584 | D:3      | Reached XP level 6. HP: 51/51 MP: 5/5
  1935 | D:4      | Reached skill level 1 in Stealth
  2117 | D:4      | Noticed Robin
  2133 | D:4      | Reached skill level 8 in Ranged Weapons
  2133 | D:4      | Reached XP level 7. HP: 22/58 MP: 6/6
  2139 | D:4      | Killed Robin
  3073 | D:5      | Entered Level 5 of the Dungeon
  3146 | D:5      | HP: 1/59 [gnoll sergeant/+4 spear of flaming (5)]
  3146 | D:5      | Slain by a gnoll sergeant

Illustrated notes

Levels and vault maps discovered:
D:1:      shiori_shiawase, layout_rooms, grunt_decor_arrowhead
D:2:      layout_rooms, serial_shops, nicolae_shop_rolling_square,
          basic_ecumenical_altar, st_stairs_4
D:3:      layout_rooms, serial_shops, shop, uniq_pargi
D:4:      layout_layer_cave, chequers_serial_rivers_small_b, uniq_robin
D:5:      layout_rooms, grunt_temple_overflow_lords_of_destruction,
          minmay_temple_entry_enclosed_plants, lightli_sewer_entry_pipes

Skill      XL: |  1  2  3  4  5  6  7 |
---------------+----------------------+-----
Ranged Weapons | 5 6 7 8 |  8.6
Fighting       | 3 4 |  4.1
Armour         | 1 2 3 |  3.7
Stealth        | 1 |  1.0
Dodging        | |  2.8

Action                     |  1- 3 |  4- 6 |  7- 9 || total
---------------------------+-------+-------+-------++-------
   Fire: Shortbow          |    87 |   124 |    66 ||   277
  Evoke: Wand              |       |       |     3 ||     3
    Use: Scroll            |     7 |     4 |     2 ||    13
         Potion            |       |     3 |     4 ||     7
 Armour: Leather armour    |    10 |    43 |    17 ||    70
  Dodge: Dodged            |    13 |    83 |    34 ||   130
